 Dungeon Crawl Stone Soup version 0.26-a0-1205-g4083c211ab (webtiles) character file.

Game seed: 5731547455958141861

9 Azzok the Skirmisher (level 2, 18/24 HPs)
             Began as a Demonspawn Fighter on Dec 29, 2020.
             Quit the game on level 1 of the Dungeon.
             The game lasted 00:00:24 (333 turns).

Azzok the Skirmisher (Demonspawn Fighter)            Turns: 333, Time: 00:00:25

Health: 18/24      AC:  6    Str: 16    XL:     2   Next: 3%
Magic:  2/2        EV:  9    Int:  9    God:
Gold:   43         SH:  0    Dex: 12    Spells: 1/1 levels left

rFire    . . .     SeeInvis .   a - +0 war axe
rCold    . . .     Faith    .   (no shield)
rNeg     . . .     Spirit   .   b - +0 scale mail
rPois    .         Reflect  .   (no helmet)
rElec    .         Harm     .   (no cloak)
rCorr    .         Rampage  .   (no gloves)
Will     .....                  (no boots)
Stlth    ..........             (no amulet)
HPRegen  0.08/turn              (no ring)
MPRegen  0.08/turn              (no ring)

@: no status effects
A: miasma immunity
a: no special abilities


You were on level 1 of the Dungeon.
You visited 1 branch of the dungeon, and saw 1 of its levels.

You collected 43 gold pieces.

Inventory:

Hand Weapons
 a - a +0 war axe (weapon)
Armour
 b - a +0 scale mail (worn)
 c - a +0 kite shield
Jewellery
 e - an uncursed ring of willpower {unknown}
Scrolls
 j - a scroll of fog {unknown}
Potions
 d - a potion of might
 f - a potion of mutation {unknown}
 g - a potion of resistance {unknown}
 h - a potion of brilliance {unknown}
 i - a potion of heal wounds {unknown}


   Skills:
 - Level 3.0 Fighting
 + Level 2.1 Axes
 - Level 2.6 Armour
 + Level 3.0 Shields


You had one spell level left.
You didn't know any spells.
Your spell library was empty.

Dungeon Overview and Level Annotations

Branches:
Dungeon (1/15)

Altars:


Innate Abilities, Weirdness & Mutations

You are immune to miasma.


Message History

The kobold throws a stone.
The stone hits you but does no damage. The rat bites you but does no damage.
You see here a stone.
A frilled lizard comes into view.
The frilled lizard hisses angrily.
The kobold hits you with a +0 short sword.
Found a dented cabochon amulet.
You barely miss the kobold. You hit the rat.
You kill the rat!
The kobold closely misses you.
Your Shields skill increases to level 3!
You hit the kobold.
The kobold is severely wounded.
The kobold barely misses you. The kobold hits you but does no damage.
You hit the kobold.
You kill the kobold!
You have reached level 2!
Your demonic ancestry asserts itself...
You feel immune to miasma.
Are you sure you want to abandon this character and quit the game? (Confirm with "yes".)

▒▒▒▒ ▒·· ▒·▒
▒▒▒▒▒▒▒▒▒·▒▒▒▒▒▒▒
▒················
▒·▒▒▒▒▒▒▒(▒▒▒▒▒▒
▒·▒······†@)l▒
▒▒▒▒▒▒▒·▒·▒▒▒▒▒·▒·····▒
······▒·▒·▒ ▒·▒··▒▒···
·▒▒▒··▒·▒·▒ ▒·▒··▒ ·
······▒·▒·▒▒ ▒·▒"··
·········)·▒ ▒·▒·▒▒▒
·▒▒▒··▒▒▒▒·▒ ▒·▒·▒
▒▒▒▒··▒▒▒▒†▒▒▒▒·▒·▒
················▒


You could see a frilled lizard.

Vanquished Creatures
  A leopard gecko (D:1)
  2 goblins (D:1)
  A ball python (D:1)
  A bat (D:1)
  2 kobolds (D:1)
  A rat (D:1)
8 creatures vanquished.

Notes
Turn   | Place    | Note
-------+----------+-------------------------------------------
     0 | D:1      | Azzok the Demonspawn Fighter began the quest for the Orb.
     0 | D:1      | Reached XP level 1. HP: 18/18 MP: 1/1
   333 | D:1      | Gained mutation: You are immune to miasma. [demonic
                  | ancestry]
   333 | D:1      | Reached XP level 2. HP: 18/24 MP: 2/2
   333 | D:1      | Quit the game

Illustrated notes

Levels and vault maps discovered:
D:1:      beargit_arrival_greenhouse, layout_loops_ring

Skill      XL: |  1 |
---------------+----+-----
Axes           | 2 |  2.1
Shields        | 3 |  3.0
Fighting       | |  3.0
Armour         | |  2.6

Action                   || total
-------------------------++-------
Melee: War axe           ||    26
Armor: Scale mail        ||    23
Dodge: Dodged            ||    15

Table legend: (Time is in decaauts)
 A = Elapsed time spent in this place.
 B = Non-inter-level travel time spent in this place.
 C = Inter-level travel time spent in this place.
 D = Time resting spent in this place.
 E = Time spent auto-exploring this place.
 F = Levels seen in this place.
 G = Mean time per level.
                   A        B        C        D        E       F      G
               +--------+--------+--------+--------+--------+-----+--------+
         Total |    343 |    343 |      0 |      0 |    262 |   1 |  343.0 |
       Dungeon |    343 |    343 |      0 |      0 |    262 |   1 |  343.0 |
               +--------+--------+--------+--------+--------+-----+--------+

Top non-repeatable levels by time:
     D:1: 343 daAuts
